 Dungeon Crawl Stone Soup version 0.30-a0-149-g7f746667c4 (webtiles) character file.

Game seed: 7033683696278088586

105 testman the Poker (level 4, -3/55 HPs)
             Began as a Merfolk Gladiator on Sept 26, 2022.
             Was an Initiate of the Shining One.
             Killed by nerve-wracking pain
             ... invoked by Grinder
              (4 damage)
             ... on level 3 of the Dungeon.
             The game lasted 00:05:55 (3122 turns).

testman the Poker (Merfolk Gladiator)               Turns: 3122, Time: 00:05:56

Health: -3/55      AC:  4    Str: 16    XL:     4   Next: 83%
Magic:  4/4        EV: 13    Int:  7    God:    the Shining One [......]
Gold:   55         SH:  0    Dex: 15    Spells: 3/3 levels left

rFire   . . .      SeeInvis +    a - +0 trident
rCold   . . .      Faith    .    (no shield)
rNeg    . . .      Spirit   .    b - +0 leather armour
rPois   .          Reflect  .    c - +0 helmet
rElec   .          Harm     .    (no cloak)
rCorr   .          Rampage  .    (no gloves)
Will    .....                    (no boots)
Stlth   ..........               (no amulet)
HPRegen 0.18/turn                s - ring of see invisible
MPRegen 0.09/turn                (no ring)

@: brilliant, berserking, glowing, very quick
A: (nimble swimmer 2), mertail
a: Renounce Religion


You were on level 3 of the Dungeon.
You worshipped the Shining One.
The Shining One was noncommittal.
You visited 1 branch of the dungeon, and saw 3 of its levels.

You collected 55 gold pieces.

Inventory:

Hand Weapons
 a - a +0 trident (weapon)
Missiles
 d - 3 throwing nets (quivered)
 e - a javelin
 l - 2 atropa-tipped darts
 x - 6 poisoned darts
Armour
 b - a +0 leather armour (worn)
 c - a +0 helmet (worn)
Jewellery
 s - a ring of see invisible (left hand)
Wands
 w - a wand of roots (7)
Scrolls
 f - 2 scrolls of magic mapping {unknown}
 g - a scroll of vulnerability {unknown}
 m - a scroll of fear {unknown}
 n - a scroll of brand weapon {unknown}
 t - a scroll of teleportation {unknown}
 u - 2 scrolls of identify {unknown}
 y - a scroll of amnesia {unknown}
Potions
 h - a potion of haste {unknown}
 i - a potion of berserk rage
 j - 2 potions of degeneration {unknown}
 k - 2 potions of curing {unknown}
 o - a potion of heal wounds {unknown}
 p - 2 potions of brilliance
 q - a potion of mutation {unknown}
 r - a potion of magic {unknown}
 v - a potion of attraction {unknown}
 z - 2 potions of invisibility {unknown}


   Skills:
 + Level 4.0 Fighting
 + Level 5.7 Polearms
 - Level 2.1 Throwing
 - Level 4.1 Dodging


You had 3 spell levels left.
You didn't know any spells.
Your spell library contained the following spells:

 Spells                   Type           Power      Damage    Failure   Level
 Apportation              Tloc           0%         N/A       50%         1
 Necrotise                Necr           0%         1d4       50%         1
 Summon Small Mammal      Summ           0%         N/A       50%         1


Dungeon Overview and Level Annotations

Branches:
Dungeon (3/15)

Altars:
The Shining One

Shops:
D:1 *

Annotations:
D:3 Grinder


Innate Abilities, Weirdness & Mutations

((You are very nimble when in or above water. (Stealth+, EV+, Speed+++)))
Your lower body shifts to a powerful aquatic tail in water.


Message History

Grinder comes into view.
She is carrying a wand of roots (10).
Grinder says, "Wait up."
You hit Grinder.
Grinder is lightly wounded.
Grinder hits you.
You writhe in agony.
You closely miss Grinder.
Grinder is lightly wounded.
Grinder hits you.
You writhe in agony.
You barely miss Grinder.
Grinder is lightly wounded.
Grinder zaps a wand.
The roots erupt in riotous growth!
The grasping roots grab you!
Grinder is unaffected.
The grasping roots constrict you.
You hear an angry hiss.
Unknown command.
You closely miss Grinder.
Grinder is lightly wounded.
Grinder gestures at you. Pain shoots through your body!
The grasping roots constrict you.
* * * LOW HITPOINT WARNING * * *
It was a potion of brilliance.
You feel clever all of a sudden. Grinder gestures at you.
You resist with significant effort. The grasping roots constrict you!
* * * LOW HITPOINT WARNING * * *
It was a potion of berserk rage.
A red film seems to cover your vision as you go berserk!
You feel yourself moving faster!
You feel mighty!
Grinder says, "Just stop there for a second..."
Grinder gestures at you.
You barely resist. The grasping roots constrict you.
* * * LOW HITPOINT WARNING * * *
The grasping roots release their grip on you.
You puncture Grinder!
Grinder is moderately wounded.
You puncture Grinder!
Grinder is severely wounded.
Grinder gestures at you. Pain shoots through your body!
You die...

#.# .# #.# .#
#.# .# #.# #.#
.# ## #.# #.# .#
.# #.# #.# .# .#
#.# #######.##5#
.###.#
.........@.#
..##.#
#######.####
..##.# #.#
..##.# #.#
.....#########.#
...............#
.###############
.# ##


You could see Grinder.

Vanquished Creatures
  3 gnolls (D:3)
  2 adders
  A dart slug (D:2)
  2 orcs (D:3)
  6 endoplasms
  8 goblins
  6 hobgoblins
  2 jackals (D:2)
  2 kobolds
  2 quokkas
  7 ball pythons
  4 bats
  2 frilled lizards
  4 rats
51 creatures vanquished.

Notes
Turn   | Place    | Note
-------+----------+-------------------------------------------
     0 | D:1      | testman the Merfolk Gladiator began the quest for the Orb.
     0 | D:1      | Reached XP level 1. HP: 16/16 MP: 1/1
   348 | D:1      | Reached XP level 2. HP: 23/23 MP: 2/2
  1290 | D:1      | Found Jeatua Kiph's Assorted Antiques.
  1386 | D:2      | Reached XP level 3. HP: 24/29 MP: 3/3
  1763 | D:2      | Reached skill level 5 in Polearms
  1914 | D:2      | Found a glowing golden altar of the Shining One.
  1921 | D:2      | Became a worshipper of the Shining One
  2378 | D:3      | Reached XP level 4. HP: 31/35 MP: 4/4
  3021 | D:3      | Found a faded altar of an unknown god.
  3114 | D:3      | Noticed Grinder
  3120 | D:3      | HP: 1/55 [constriction (3)]
  3122 | D:3      | Killed from afar by Grinder

Illustrated notes

Levels and vault maps discovered:
D:1:      ebering_hopf_link, layout_basic, serial_shops, nicolae_diamond_shop
D:2:      layout_loops_ring, basic_altar
D:3:      layout_loops_ring, shapermc_ecumenical_altar_mp_highgroup,
          uniq_grinder

Skill      XL: |  1  2  3  4 |
---------------+-------------+-----
Fighting       | 3 4 |  4.0
Polearms       | 5 |  5.7
Throwing       | |  2.1
Dodging        | |  4.1

Action                   |  1- 3 |  4- 6 || total
-------------------------+-------+-------++-------
Melee: Trident           |   141 |    39 ||   180
  Use: Potion            |       |     2 ||     2
 Stab: Sleeping          |     1 |       ||     1
Armor: Leather armour    |    27 |     6 ||    33
Dodge: Dodged            |    68 |    15 ||    83

Table legend: (Time is in decaauts)
 A = Elapsed time spent in this place.
 B = Non-inter-level travel time spent in this place.
 C = Inter-level travel time spent in this place.
 D = Time resting spent in this place.
 E = Time spent auto-exploring this place.
 F = Levels seen in this place.
 G = Mean time per level.
                   A        B        C        D        E       F      G
               +--------+--------+--------+--------+--------+-----+--------+
         Total |   3130 |   3119 |     11 |    225 |   2530 |   3 | 1043.3 |
       Dungeon |   3130 |   3119 |     11 |    225 |   2530 |   3 | 1043.3 |
               +--------+--------+--------+--------+--------+-----+--------+

Top non-repeatable levels by time:
     D:1: 1323 daAuts
     D:2: 911 daAuts
     D:3: 895 daAuts
